 Dungeon Crawl Stone Soup version 0.14-a0-1388-g200237c (webtiles) character file.

2098 Psiweapon the Reanimator (level 8, -5/73 HPs)
             Began as a Deep Dwarf Necromancer on Dec 9, 2013.
             Slain by an orc
             ... wielding a +0,+1 orcish mace
              (6 damage)
             ... on Level 6 of the Dungeon.
             The game lasted 00:26:18 (6364 turns).

Psiweapon the Reanimator (Deep Dwarf Necromancer)   Turns: 6364, Time: 00:26:19

HP  -5/73        AC  0     Str 18      XL: 8   Next: 90%
MP   9/13        EV 14     Int 17      God:
Gold 231         SH  0     Dex 13      Spells:  3 memorised,  3 levels left

rFire  . . .     SeeInvis .     U - melded +0,+2 whip (elec)
rCold  . . .     Clarity  .     y - melded +0 leather armour {MR+}
rNeg   . . .     Conserve .     (shield currently unavailable)
rPois  .         rCorr    .     r - melded +0 orc plumed helmet
rElec  .         rRot     .     (cloak currently unavailable)
SustAb . .       Spirit   .     (gloves currently unavailable)
rMut   .         Warding  .     (boots currently unavailable)
Saprov . . .     Stasis   .     (no amulet)
                                h - melded +4 ring of dexterity
                                k - melded ring of see invisible

@: pig-form (expiring), non-regenerating, mighty, very poisoned, very quick,
somewhat resistant to hostile enchantments, fairly stealthy
A: damage resistance, recharge devices, sense surroundings 1, slow healing 3
a: Device Recharging


You were on level 6 of the Dungeon.
You were very hungry.
You were a filthy swine.
You visited 1 branch of the dungeon, and saw 6 of its levels.
You also visited: Ossuary.

You collected 231 gold pieces.

Inventory:

Hand weapons
 l - a +0,+0 dagger
 o - a +0,+0 flail
 q - a +0,+1 dwarven hand axe
 t - a +1,+3 orcish dagger
 M - a +2,+1 trident of dragon slaying
 P - a +2,+0 whip of electrocution
 R - a +0,+0 dire flail
 S - a +1,+2 orcish morningstar
 U - a +0,+2 whip of electrocution (melded)
Missiles
 n - 19 poisoned arrows
 O - 4 tomahawks (quivered)
Armour
 a - a cursed +0 robe
 e - a +0 ring mail
 r - a +0 orcish plumed helmet (melded)
 y - a +0 leather armour of magic resistance (melded)
 D - a +0 robe of positive energy
Magical devices
 c - a wand of heal wounds (0)
Comestibles
 d - 2 bread rations
Scrolls
 f - a scroll of enchant weapon I
 j - a scroll of identify
 m - a scroll of remove curse {unknown}
 p - a scroll of fear {unknown}
 s - 3 scrolls of teleportation {unknown}
 x - a scroll of curse armour {unknown}
 B - a scroll of magic mapping {unknown}
 C - a scroll of enchant weapon II {unknown}
 F - a scroll of fog {unknown}
 G - 3 scrolls of noise {unknown}
 J - a scroll of curse weapon {unknown}
 K - a scroll of holy word {unknown}
 T - a scroll of amnesia {unknown}
Jewellery
 h - a +4 ring of dexterity (melded)
 k - a ring of see invisible (melded)
Potions
 g - 2 potions of might
 i - 2 potions of lignification {unknown}
 u - a potion of cure mutation {unknown}
 v - a potion of berserk rage {unknown}
 w - a potion of magic {unknown}
 z - 5 potions of heal wounds {unknown}
 E - a potion of speed {unknown}
 H - 4 potions of mutation {unknown}
 I - 2 potions of curing {unknown}
 L - a potion of confusion {unknown}
 N - a potion of brilliance {unknown}
Books
 b - a book of Necromancy

   Spells                             Type                      Level
   *Pain                              Necromancy                   1
   Animate Skeleton                   Necromancy                   1
   Lethal Infusion                    Charms/Necromancy            2
   *Vampiric Draining                 Necromancy                   3
   Regeneration                       Charms/Necromancy            3
   Animate Dead                       Necromancy                   4
   *Control Undead                    Necromancy                   4
 A - a book of Power

   Spells                             Type                      Level
   Iskenderun's Mystic Blast          Conjuration                  4
   Venom Bolt                         Conjuration/Poison           5
   Bolt of Magma                      Conjuration/Fire/Earth       5
   Fulminant Prism                    Conjuration/Hexes            5
   Iron Shot                          Conjuration/Earth            6
   Orb of Destruction                 Conjuration                  7


   Skills:
 + Level 4.7 Fighting
 - Level 5.1 Axes
 + Level 4.5 Maces & Flails
 - Level 2.1 Dodging
 - Level 4.0 Stealth
 - Level 2.0 Spellcasting
 + Level 9.5 Necromancy


You had 3 spell levels left.
You knew the following spells:

 Your Spells              Type           Power        Failure   Level  Hunger
a - Pain                  Necr           ####         1%          1    #......
b - Vampiric Draining     Necr           ####......   1%          3    ####...
c - Control Undead        Necr           ####......   4%          4    #####..


Dungeon Overview and Level Annotations

Branches:
Dungeon (6/16)
 Temple: D:4-7

Altars:
the Shining One

Annotations:
D:5 3x3 cTele treasure room
D:6 Duvessa, Sigmund


Innate Abilities, Weirdness & Mutations

You are resistant to damage.
You can recharge devices by infusing magical energy.
You passively map a small area around you.
You do not heal naturally.


Message History

You bite the orc priest!
The orc priest is severely wounded.
The orc completely misses you. Duvessa misses you. Sigmund barely misses you.
The orc priest completely misses you.
Unknown command.
You closely miss the orc priest.
The orc priest is heavily wounded.
You feel a little better.
Duvessa hits you with an elven short sword of venom!
* * * LOW HITPOINT WARNING * * *
The orc barely misses you. Sigmund misses you.
The orc priest hits you with an orcish hand axe!
* * * LOW HITPOINT WARNING * * *
You closely miss the orc priest.
The orc priest is heavily wounded.
Duvessa hits you with an elven short sword of venom.
* * * LOW HITPOINT WARNING * * *
You are more poisoned.
The orc hits you with an orcish mace!
You die...

.. #.....o....# ..
#.f.....o..# ## ########'###
##)# #e.# #### #.## ...#
#####'#### * ...# #.....oe.###
...# #......ho@.# ...#
###........#[### , . ..=#
##.'........#...# ...
..)####..#........###)##.>....
, ...%[...#####'#####
#[.'...... ...###### #...#
####...... #### ###.# *##'# *
* * #'#* #.........# *


You could see Duvessa, Sigmund, an orc priest and an orc.

Vanquished Creatures
  Pikel (D:6)
  Edmund (D:6)
  An ice beast (D:3)
  A slave (D:5)
  2 phantoms
  A sky beast (D:5)
  An ogre (D:5)
  A centaur (D:5)
  A giant frog (D:6)
  The ghost of M4edhros the Sneak, a weakling OpAr (D:3)
  2 crimson imps
  A giant frog zombie (D:6)
  A centaur zombie (D:5)
  Dowan (D:6)
  An orc priest (D:6)
  A gnoll shaman (D:6)
  An orc wizard (D:6)
  4 worker ants
  A mummy (D:5)
  12 adders
  6 gnolls
  A giant mite (D:5)
  A worm (D:2)
  An adder zombie (D:5)
  A giant eyeball (D:4)
  4 giant geckos
  An ooze (D:2)
  11 orcs
  3 giant cockroaches
  5 hobgoblins
  7 kobolds
  2 quokkas
  17 bats
  6 giant newts
  11 goblins
  A goblin zombie (D:5)
  A hobgoblin skeleton (D:5)
  2 hobgoblin zombies (Ossuary)
  12 rats
129 creatures vanquished.

Vanquished Creatures (collateral kills)
  A centaur zombie (Ossuary)
  2 mummies (Ossuary)
  A goblin zombie (D:5)
  A hobgoblin zombie (Ossuary)
5 creatures vanquished.

Vanquished Creatures (others)
  2 slaves (D:6)
  A mummy (Ossuary)
3 creatures vanquished.

Grand Total: 137 creatures vanquished

Notes
Turn   | Place    | Note
--------------------------------------------------------------
     0 | D:1      | Psiweapon, the Deep Dwarf Necromancer, began the quest for the Orb.
     0 | D:1      | Reached XP level 1. HP: 15/15 MP: 2/2
   304 | D:1      | Reached XP level 2. HP: 14/22 MP: 1/4
  1099 | D:2      | Reached XP level 3. HP: 17/28 MP: 4/6
  1230 | D:2      | Learned a level 3 spell: Vampiric Draining
  1242 | D:2      | Reached skill level 1 in Axes
  1616 | D:2      | Reached skill level 5 in Necromancy
  1616 | D:2      | Reached XP level 4. HP: 24/36 MP: 0/7
  2093 | D:3      | Noticed an ice beast
  2325 | D:3      | Noticed M4edhros' ghost (weakling OpAr)
  2337 | D:3      | Killed M4edhros' ghost
  2495 | D:3      | Reached XP level 5. HP: 28/42 MP: 3/9
  2839 | D:3      | Killed an ice beast
  2839 | D:3      | Reached skill level 6 in Necromancy
  2878 | D:3      | Reached XP level 6. HP: 31/49 MP: 1/10
  3217 | D:4      | Found a glowing golden altar of the Shining One.
  3659 | D:4      | Learned a level 4 spell: Control Undead
  3825 | D:4      | Noticed a phantom
  3865 | D:4      | Killed a phantom
  4126 | D:5      | Entered Level 5 of the Dungeon
  4238 | D:5      | Reached skill level 7 in Necromancy
  4361 | D:5      | Found a sand-covered staircase.
  4377 | Ossuary  | Entered an ossuary
  4386 | Ossuary  | Reached XP level 7. HP: 40/55 MP: 2/12
  4503 | D:5      | Reached skill level 5 in Axes
  4752 | D:5      | Reached skill level 1 in Fighting
  5131 | D:5      | Reached skill level 8 in Necromancy
  5355 | D:5      | Reached XP level 8. HP: 60/68 MP: 13/13
  5504 | D:6      | Noticed Pikel
  6102 | D:6      | Noticed Edmund
  6110 | D:6      | Killed Edmund
  6110 | D:6      | Reached skill level 1 in Maces & Flails
  6164 | D:6      | Killed Pikel
  6164 | D:6      | Reached skill level 9 in Necromancy
  6187 | D:6      | Noticed Dowan
  6191 | D:6      | Killed Dowan
  6322 | D:6      | Noticed Duvessa
  6355 | D:6      | Noticed Sigmund
  6364 | D:6      | HP: 1/73 [Duvessa/elven short sword of venom (5)]
  6364 | D:6      | Slain by an orc

Action                   |  1- 3 |  4- 6 |  7- 9 || total
-------------------------+-------+-------+-------++-------
Melee: Unarmed           |     5 |       |     7 ||    12
       Hand axe          |    19 |    90 |   158 ||   267
       Whip              |       |       |    17 ||    17
Throw: Tomahawk          |       |       |     1 ||     1
 Cast: Pain              |    58 |     9 |    12 ||    79
       Vampiric Draining |     6 |    35 |    44 ||    85
       Control Undead    |       |     3 |     3 ||     6
Evoke: Wand              |       |     2 |     3 ||     5
  Use: Scroll            |       |       |     3 ||     3
       Potion            |       |       |     1 ||     1
 Stab: Sleeping          |     1 |     3 |     3 ||     7
       Distracted        |       |       |     1 ||     1
